Map: Malwarfare

Players

Takker

  • Race: Protoss Protoss
  • Spawn Location: 7:00

OAVOAVOAV

  • Race: Protoss Protoss
  • Spawn Location: 7:00

VOD

Have the link to the VOD?

Description

Time

  • Played on: May 17, 2019, 3:58 p.m.
  • Length: 17:07
Show
View Real Time Build Order
Export as new Build Order

Takker Protoss 

Build Orders:  

Get SALT Encoding   

  12  0:09  Probe (Chrono Boost)  
  13  0:21  Probe (Chrono Boost)  
  14  0:33  Probe (Chrono Boost)  
  15  0:53  Probe (Chrono Boost)  
  16  1:05  Probe (Chrono Boost)  
  17  1:24  Xel'Naga Passageway  
  17  1:31  Probe (Chrono Boost), Xel'Naga Passageway  
  18  1:43  Probe (Chrono Boost)  
  19  1:55  Probe (Chrono Boost)  
  20  2:07  Probe (Chrono Boost)  
  20  2:19  Probe (Chrono Boost)  
  22  2:31  Probe (Chrono Boost)  
  22  2:33  Xel'Naga Ambusher  
  22  2:35  Core Forge  
  22  2:38  Xel'Naga Ambusher  
  27  3:24  Xel'Naga Shieldguard  
  27  3:25  Xel'Naga Shieldguard  
  31  3:55  Xel'Naga Ambusher  
  31  3:57  Xel'Naga Ambusher, Constructs Facility  
  35  4:48  Xel'Naga Ambusher x2  
  37  5:40  Xel'Naga Ambusher  
  37  5:42  Xel'Naga Shieldguard  
  33  6:14  Xel'Naga Shieldguard  
  33  6:35  Xel'Naga Ambusher  
  33  6:45  Xel'Naga Ambusher  
  37  7:12  Xel'Naga Shieldguard  
  39  7:22  Xel'Naga Shieldguard  
  41  7:38  Xel'Naga Ambusher  
  41  7:42  Xel'Naga Ambusher  
  41  7:45  Xel'Naga Ambusher  
  47  8:40  Ancient Nexus  
  43  9:11  Serdath Legion  
  43  9:38  Xel'Naga Ambusher  
  43  9:40  Xel'Naga Shieldguard  
  47  10:12  Xel'Naga Shieldguard  
  49  10:22  Xel'Naga Ambusher  
  49  10:27  Xel'Naga Watcher  
  51  10:33  Probe (Chrono Boost)  
  51  10:39  Probe (Chrono Boost)  
  53  10:46  Probe (Chrono Boost)  
  55  10:51  Probe (Chrono Boost)  
  55  10:58  Probe (Chrono Boost)  
  56  11:03  Probe (Chrono Boost)  
  54  11:10  Probe (Chrono Boost)  
  54  11:15  Probe (Chrono Boost)  
  56  11:22  Probe (Chrono Boost)  
  57  11:34  Serdath Legion  
  57  11:49  Probe (Chrono Boost)  
  58  12:01  Probe (Chrono Boost)  
  59  12:10  Xel'Naga Ambusher  
  59  12:11  Xel'Naga Ambusher  
  59  12:13  Probe (Chrono Boost)  
  64  12:25  Probe (Chrono Boost)  
  65  12:37  Probe (Chrono Boost)  
  65  12:49  Probe (Chrono Boost)  
  67  13:01  Probe (Chrono Boost)  
  68  13:13  Xel'Naga Enforcer  
  68  13:14  Probe (Chrono Boost)  
  69  13:23  Xel'Naga Ambusher  
  69  13:26  Probe (Chrono Boost)  
  76  13:38  Probe (Chrono Boost)  
  77  13:53  Serdath Legion  
  69  15:02  Xel'Naga Enforcer  
  69  15:06  Xel'Naga Ambusher  
  75  15:26  Xel'Naga Ambusher  
  69  15:43  Xel'Naga Shieldguard  
  69  15:50  Xel'Naga Enforcer  
  73  16:03  Xel'Naga Shieldguard  
  73  16:05  Serdath Legion  
  75  16:15  Xel'Naga Shieldguard  
Show
View Real Time Build Order
Export as new Build Order

OAVOAVOAV Protoss 

Build Orders:  

Get SALT Encoding   

  12  0:02  Probe (Chrono Boost)  
  13  0:14  Probe (Chrono Boost)  
  14  0:26  Probe (Chrono Boost)  
  15  0:34  Pylon  
  15  0:38  Probe (Chrono Boost)  
  16  0:50  Probe (Chrono Boost)  
  17  1:02  Probe (Chrono Boost)  
  18  1:14  Probe (Chrono Boost)  
  19  1:26  Probe (Chrono Boost)  
  19  1:29  Gateway  
  20  1:37  Forge  
  20  1:38  Probe (Chrono Boost)  
  20  1:46  Assimilator  
  21  1:50  Probe (Chrono Boost)  
  21  1:53  Assimilator  
  22  2:01  Pylon  
  22  2:04  Probe (Chrono Boost)  
  23  2:16  Probe (Chrono Boost)  
  24  2:28  Probe (Chrono Boost)  
  24  2:36  Cybernetics Core  
  25  2:40  Probe (Chrono Boost)  
  26  2:52  Probe (Chrono Boost)  
  26  2:54  Pylon  
  27  3:04  Probe (Chrono Boost)  
  27  3:06  Photon Cannon  
  28  3:12  Photon Cannon  
  28  3:26  Photon Cannon  
  28  3:34  Shield Battery  
  28  3:43  Shield Battery  
  28  3:57  Enhanced Targeting  
  28  4:07  Twilight Council  
  28  5:15  Nexus  
  28  5:18  Probe (Chrono Boost)  
  29  5:30  Pylon  
  29  5:31  Probe (Chrono Boost)  
  29  5:33  Photon Cannon  
  30  5:41  Photon Cannon  
  30  5:43  Probe (Chrono Boost)  
  31  5:55  Probe (Chrono Boost)  
  31  5:57  Photon Cannon  
  32  6:03  Shield Battery  
  32  6:07  Probe (Chrono Boost)  
  33  6:11  Shield Battery  
  33  6:22  Photon Cannon  
  33  6:48  Pylon  
  33  7:07  Shield Battery  
  33  7:12  Shield Battery  
  33  7:14  Shield Battery  
  33  7:16  Shield Battery  
  33  7:40  Photon Cannon  
  33  7:41  Photon Cannon  
  33  7:44  Photon Cannon  
  33  7:47  Photon Cannon  
  33  7:50  Probe (Chrono Boost)  
  33  7:56  Probe (Chrono Boost)  
  35  8:02  Probe (Chrono Boost)  
  35  8:05  Probe (Chrono Boost)  
  35  8:06  Probe (Chrono Boost)  
  35  8:07  Probe (Chrono Boost)  
  35  8:09  Probe (Chrono Boost)  
  36  8:10  Probe (Chrono Boost)  
  36  8:11  Probe (Chrono Boost)  
  36  8:12  Probe (Chrono Boost)  
  36  8:13  Probe (Chrono Boost)  
  36  8:16  Probe (Chrono Boost)  
  36  8:19  Probe (Chrono Boost)  
  39  8:22  Probe (Chrono Boost)  
  39  8:28  Probe (Chrono Boost)  
  45  8:30  Assimilator  
  48  8:40  Probe (Chrono Boost)  
  49  8:52  Assimilator, Probe (Chrono Boost)  
  50  9:04  Probe (Chrono Boost)  
  51  9:16  Probe (Chrono Boost)  
  52  9:30  Photon Cannon  
  52  9:34  Photon Cannon  
  52  9:36  Photon Cannon  
  52  9:56  Khaydarin Monolith  
  52  10:04  Khaydarin Monolith, Optimized Ordinance  
  52  10:08  Shield Battery  
  52  10:12  Shield Battery  
  52  10:15  Solar Efficiency Level 1  
  52  10:26  Pylon  
  52  10:38  Photon Cannon  
  52  10:42  Photon Cannon  
  52  10:47  Photon Cannon  
  52  10:55  Photon Cannon  
  52  11:02  Photon Cannon  
  52  11:11  Photon Cannon  
  52  11:14  Shield Battery  
  52  11:19  Advanced Repair Systems, Rapid Recharging  
  52  11:47  Fortification Barrier  
  52  11:55  Shield Battery  
  52  11:56  Shield Battery  
  52  11:57  Shield Battery  
  52  12:00  Protoss Shields Level 1  
  52  12:04  Photon Cannon  
  52  12:14  Solar Flare  
  52  12:17  Photon Cannon  
  52  12:19  Photon Cannon  
  52  12:33  Khaydarin Monolith  
  52  12:39  Khaydarin Monolith  
  51  13:30  Probe (Chrono Boost)  
  51  13:39  Phase Detonation  
  52  13:45  Probe (Chrono Boost)  
  54  14:00  Probe (Chrono Boost)  
  54  14:14  Probe (Chrono Boost)  
  54  14:15  Pylon  
  54  14:17  Photon Cannon  
  55  14:21  Photon Cannon x2  
  55  14:23  Photon Cannon  
  55  14:24  Photon Cannon  
  55  14:27  Photon Cannon  
  55  14:29  Probe (Chrono Boost)  
  56  14:30  Photon Cannon  
  56  14:31  Shield Battery  
  56  14:34  Shield Battery  
  56  14:37  Shield Battery  
  55  14:51  Pylon  
  55  14:54  Photon Cannon  
  55  14:56  Photon Cannon  
  55  14:59  Photon Cannon  
  55  15:00  Photon Cannon  
  55  15:03  Photon Cannon  
  55  15:06  Shield Battery x2  
  55  15:11  Pylon  
  55  15:16  Shield Battery  
  55  15:17  Photon Cannon  
  55  15:18  Photon Cannon  
  55  15:19  Photon Cannon  
  55  15:22  Photon Cannon  
  55  15:44  Khaydarin Monolith  
  55  15:49  Khaydarin Monolith  
  55  16:06  Shield Battery  
  55  16:08  Shield Battery  
  55  16:22  Shield Battery  
  55  16:26  Photon Cannon x2  
  55  16:29  Pylon  
  55  16:31  Photon Cannon  
  55  16:34  Photon Cannon  
Tags
 
Commander
KaraxZeratul
Matchup
Co-op
Replay Pack
Up to May 28th
Add a new tag
Caveats
  • Supply blocks, unpowered buildings, or Contaminate may cause inaccurate times.
  • Supply counts are checked every 10 seconds.